 Dungeon Crawl Stone Soup version 0.31.0-11-ge490571c62 (webtiles) character file.

Game seed: 13754134619061894675

668 monsoonserge the Cudgeller (level 7, -9/72 HPs)
             Began as an Oni Reaver on Jan 29, 2024.
             Mangled by a crocodile zombie (12 damage)
             ... in an ossuary.
             The game lasted 00:11:30 (2817 turns).

monsoonserge the Cudgeller (Oni Reaver)             Turns: 2817, Time: 00:11:30

Health: -9/72      AC:  3    Str: 19    XL:     7   Next: 58%
Magic:  11/11      EV: 10    Int: 14    God:
Gold:   287        SH:  0    Dex:  7    Spells: 10/11 levels left

rFire   . . .        f - +1 whip (venom)
rCold   . . .        (no shield)
rNeg    . . .        b - +0 robe
rPois   .            (helmet restricted)
rElec   .            l - scarf {shadows}
rCorr   .            (gloves unavailable)
SInv    .            (boots unavailable)
Will    .....        (no amulet)
Stlth   +            (no ring)
HPRegen 0.32/turn    (no ring)
MPRegen 0.12/turn

%: no passive effects
@: attractive
A: large, unfitting armour, horns 1, tough skin 1, double potion healing,
drunken brawling
a: no special abilities


You were in an ossuary.
You visited 1 branch of the dungeon, and saw 4 of its levels.
You also visited: Ossuary.

You collected 287 gold pieces.

Inventory:

Hand Weapons
 f - a +1 whip of venom (weapon)
Missiles
 k - 6 curare-tipped darts
Armour
 b - a +0 robe (worn)
 l - a scarf of shadows (worn)
Talismans
 d - a maw talisman
Scrolls
 a - a scroll of identify {unknown}
 c - a scroll of brand weapon {unknown}
 g - 2 scrolls of poison {unknown}
 h - a scroll of enchant armour {unknown}
 i - a scroll of blinking {unknown}
 j - a scroll of vulnerability {unknown}
 m - a scroll of butterflies {unknown}
 o - a scroll of noise {unknown}
Potions
 e - 2 potions of attraction
 n - a potion of might {unknown}
 p - a potion of magic {unknown}
 q - a potion of haste {unknown}


   Skills:
 + Level 5.5 Fighting
 + Level 6.0 Maces & Flails
 + Level 3.4 Dodging
 + Level 1.0 Stealth
 + Level 2.8 Spellcasting
 + Level 3.3 Conjurations
 - Level 1.0 Necromancy


You had 10 spell levels left.
You knew the following spells:

 Your Spells              Type           Power      Damage    Failure   Level
a - Kiss of Death         Conj/Necr      32%        2d7       9%          1

Your spell library contained the following spells:

 Spells                   Type           Power      Damage    Failure   Level
 Momentum Strike          Conj/Tloc      12%        3d8       17%         2
 Hailstorm                Conj/Ice       6%         3d5       32%         3


Dungeon Overview and Level Annotations

Branches:
Dungeon (4/15)            Ossuary (1/1)
 Temple: D:4-7

Altars:
Fedhas
Yredelemnul
The Shining One

Shops:
D:1 =:


Innate Abilities, Weirdness & Mutations

You are too large for most types of armour.
You have a pair of small horns on your head.
You have tough skin. (AC +1)
You gain doubled healing and magic from potions.
Whenever you drink a healing potion, you attack all around you.


Message History

The crocodile zombie is lightly damaged.
The crocodile zombie bites you.
You hit the crocodile zombie.
You headbutt the crocodile zombie, but do no damage.
The crocodile zombie is lightly damaged.
You hit the crocodile zombie but do no damage.
The crocodile zombie is lightly damaged.
The crocodile zombie bites you.
You hit the crocodile zombie. You punch the crocodile zombie.
The crocodile zombie is moderately damaged.
The crocodile zombie barely misses you.
You barely miss the crocodile zombie.
The crocodile zombie is moderately damaged.
You hit the crocodile zombie.
The crocodile zombie is moderately damaged.
The crocodile zombie bites you.
You hit the crocodile zombie.
You headbutt the crocodile zombie, but do no damage.
The crocodile zombie is heavily damaged.
The crocodile zombie bites you!
You barely miss the crocodile zombie.
The crocodile zombie is heavily damaged.
You whack the crocodile zombie! You headbutt the crocodile zombie.
The crocodile zombie is severely damaged.
The crocodile zombie bites you!
* * * LOW HITPOINT WARNING * * *
You hit the crocodile zombie.
The crocodile zombie is severely damaged.
The crocodile zombie bites you!
* * * LOW HITPOINT WARNING * * *
You hit the crocodile zombie.
The crocodile zombie is severely damaged.
You barely miss the crocodile zombie.
The crocodile zombie is severely damaged.
The crocodile zombie bites you!
* * * LOW HITPOINT WARNING * * *
It was a potion of attraction.
You feel attractive to monsters. The crocodile zombie bites you!
You die...

... #.# +.# #.#
#.+ #.# +.# #.#
#.# ###.# +.+
#Z@.+ +~+ ~≈
###.#####.# #~##≈
#.'.#..∩#.# #...#
###.'.∩.#.# ~~~~#
#.'.#...#.# #~..
###.#####.#####~#
#.'.............+
###'#'#'#'#'#'#'#
#.#.#.#.#.#.#.#


You could see a crocodile zombie.

Vanquished Creatures
  A phantom (D:4)
  3 bullfrog zombies (Ossuary)
  A bombardier beetle (D:3)
  A centaur skeleton (D:4)
  A bullfrog skeleton (D:4)
  2 orc priests
  Jessica (D:2)
  A sleepcap (D:4)
  Terence (D:2)
  An iguana (D:4)
  A scorpion zombie (D:4)
  4 hound zombies
  3 mummies (Ossuary)
  4 howler monkey zombies (Ossuary)
  An adder (D:3)
  2 dart slugs (D:1)
  5 orcs
  4 bats
  3 endoplasms (D:1)
  4 giant cockroaches
  6 goblins
  4 hobgoblins
  4 jackals (D:1)
  4 quokkas
  4 ball pythons
  2 ball python zombies (Ossuary)
  4 frilled lizards
  5 kobolds
  6 rats
83 creatures vanquished.

Notes
Turn   | Place    | Note
-------+----------+-------------------------------------------
     0 | D:1      | monsoonserge the Oni Reaver began the quest for the Orb.
     0 | D:1      | Reached XP level 1. HP: 22/22 MP: 3/3
   181 | D:1      | Reached XP level 2. HP: 20/29 MP: 5/5
   453 | D:1      | Reached XP level 3. HP: 36/36 MP: 6/6
   467 | D:1      | Found Hunilumpou's Vocational Training.
   618 | D:1      | Reached skill level 1 in Necromancy
   794 | D:1      | Found Uhea's Jewellery Boutique.
  1019 | D:2      | Noticed Jessica
  1024 | D:2      | Killed Jessica
  1025 | D:2      | Reached XP level 4. HP: 45/45 MP: 8/8
  1087 | D:2      | Noticed Terence
  1104 | D:2      | Killed Terence
  1408 | D:2      | Reached skill level 4 in Maces & Flails
  1408 | D:2      | Reached XP level 5. HP: 36/53 MP: 9/9
  1478 | D:3      | Found a blossoming altar of Fedhas.
  1969 | D:4      | Noticed a phantom
  2030 | D:4      | Found a basalt altar of Yredelemnul.
  2185 | D:4      | Reached XP level 6. HP: 47/62 MP: 10/10
  2257 | D:4      | Reached skill level 5 in Maces & Flails
  2290 | D:4      | Found a glowing golden altar of the Shining One.
  2326 | D:4      | Reached XP level 7. HP: 30/69 MP: 11/11
  2372 | D:4      | Found a sand-covered staircase.
  2438 | Ossuary  | Entered an ossuary
  2485 | Ossuary  | Reached skill level 5 in Fighting
  2554 | Ossuary  | Reached skill level 1 in Stealth
  2787 | Ossuary  | Reached skill level 6 in Maces & Flails
  2816 | Ossuary  | HP: 2/72 [crocodile zombie (12)]
  2817 | Ossuary  | Mangled by a crocodile zombie

Illustrated notes

Levels and vault maps discovered:
D:1:      dpeg_arrival_concentric_ovals, layout_loops_ring, serial_shops,
          nicolae_shop_tiny_glass, nicolae_shop_vocational
D:2:      layout_rooms, uniq_terence, uniq_jessica
D:3:      layout_rooms, lemuel_crystal_altar,
          amcnicky_mini_rare_corridor_liquid, serial_bayou_pond_a
D:4:      layout_basic, lemuel_crystal_altar, nicolae_tso_carved_into_rock,
          serial_undead, serial_undead_c, serial_undead_b, serial_undead_e,
          serial_undead_a, enter_ossuary_1, uniq_sigmund
Ossuary:  ossuary_zaba_flooded

Skill      XL: |  1  2  3  4  5  6  7 |
---------------+----------------------+-----
Dodging        | 2 3 |  3.4
Conjurations   | 3 |  3.3
Necromancy     | 1 |  1.0
Fighting       | 3 4 5 |  5.5
Maces & Flails | 4 5 6 |  6.0
Stealth        | 1 |  1.0
Spellcasting   | |  2.8

Action                     |  1- 3 |  4- 6 |  7- 9 || total
---------------------------+-------+-------+-------++-------
  Melee: Mace              |    21 |       |       ||    21
         Headbutt          |     8 |    27 |    27 ||    62
         Whip              |    44 |   162 |   109 ||   315
         Punch             |     1 |     4 |     2 ||     7
   Cast: Kiss of Death     |       |     1 |       ||     1
    Use: Potion            |       |     2 |     1 ||     3
   Stab: Distracted        |       |       |     1 ||     1
 Armour: Robe              |    38 |   103 |    66 ||   207
  Dodge: Dodged            |    27 |    76 |    25 ||   128
